Map: 锈化山巅-天梯版

Players

iGCoffeeMs (Coffee) - Winner!

  • Race: Terran Terran
  • League: Master

JieShi

  • Race: Protoss Protoss
  • League: Master

Event: DreamHack SC2 Masters 2021 Summer

VOD

Have the link to the VOD?

Description

Time

  • Played on: May 30, 2021, 7:16 a.m.
  • Length: 12:40

All games in this series

Show
View Real Time Build Order
Export as new Build Order

iGCoffeeMs Terran - Winner!

Build Orders:  

Get SALT Encoding   

  12  0:00  SCV  
  13  0:12  SCV  
  14  0:16  Supply Depot  
  14  0:24  SCV  
  15  0:38  SCV  
  15  0:39  Barracks  
  16  0:42  Refinery  
  16  0:50  SCV  
  17  1:02  SCV  
  18  1:14  SCV  
  19  1:25  Marine  
  19  1:26  Orbital Command  
  20  1:44  Command Center  
  20  1:46  Barracks Reactor  
  20  1:53  SCV  
  21  1:58  Supply Depot  
  21  2:05  SCV  
  22  2:13  Factory  
  22  2:18  SCV  
  23  2:23  Marine x2  
  23  2:25  Refinery  
  25  2:31  SCV  
  25  2:40  Marine  
  25  2:41  Marine  
  25  2:43  SCV  
  28  2:55  SCV  
  29  3:00  Starport, Widow Mine, Marine x2  
  29  3:05  Orbital Command  
  32  3:09  SCV  
  33  3:18  Supply Depot  
  33  3:19  Marine  
  33  3:20  Marine  
  33  3:24  Widow Mine  
  37  3:27  SCV  
  37  3:31  SCV  
  39  3:36  Medivac  
  39  3:38  Marine  
  39  3:39  Marine  
  39  3:41  SCV  
  44  3:43  SCV  
  44  3:47  Widow Mine  
  47  3:53  Supply Depot  
  47  3:56  SCV x2  
  47  4:00  Marine x2  
  51  4:07  Barracks  
  51  4:10  Barracks  
  51  4:13  SCV  
  51  4:14  SCV  
  53  4:18  Engineering Bay  
  53  4:23  Marine x2  
  53  4:24  Factory Tech Lab  
  54  4:25  Starport Tech Lab  
  54  4:28  SCV  
  54  4:31  SCV  
  53  4:53  Marine x2  
  53  4:56  SCV x2  
  53  4:57  Terran Infantry Weapons Level 1  
  53  4:59  Refinery  
  55  5:01  Supply Depot  
  55  5:02  Starport Reactor  
  55  5:06  Factory Reactor, Stimpack  
  55  5:08  SCV x2  
  55  5:10  Marauder x2  
  61  5:16  Marine  
  61  5:18  Supply Depot  
  61  5:20  Combat Shield  
  62  5:22  Marine  
  62  5:25  SCV x2  
  65  5:31  Marauder  
  65  5:32  Marauder  
  68  5:37  Supply Depot  
  68  5:45  Medivac x2  
  72  5:50  SCV x2  
  72  5:53  Marine x2, Supply Depot  
  72  5:55  Widow Mine  
  78  5:59  Widow Mine  
  78  6:00  Marauder x2  
  85  6:04  SCV x2  
  85  6:08  Supply Depot  
  86  6:14  Marine x2  
  88  6:21  Marauder x2  
  92  6:26  Command Center  
  92  6:34  Medivac x2  
  92  6:36  Supply Depot  
  92  6:37  Widow Mine x2, SCV x2  
  102  6:48  Supply Depot  
  102  6:56  Marine x2  
  102  6:57  Marauder x2  
  92  7:11  SCV x2  
  92  7:15  Marine x2  
  92  7:16  Widow Mine x2  
  92  7:19  Marauder x2  
  92  7:20  Medivac x2  
  102  7:23  SCV x2  
  102  7:29  Barracks  
  104  7:30  Barracks  
  104  7:32  Refinery  
  104  7:35  SCV x2, Marine x2  
  108  7:45  Terran Infantry Armor Level 1  
  108  7:47  SCV  
  108  7:48  SCV  
  108  7:51  Marauder x2  
  114  7:53  Viking x2  
  114  7:55  Marine x2  
  120  8:02  Orbital Command  
  120  8:08  SCV  
  125  8:12  Marauder  
  125  8:13  Marauder  
  125  8:15  Marine x2  
  123  8:32  SCV x2  
  115  8:41  Marauder x2, Marine  
  115  8:42  Barracks Tech Lab, Marine  
  115  8:43  Barracks Reactor  
  105  8:57  Viking  
  105  8:58  Widow Mine x2  
  105  9:01  SCV x3  
  105  9:02  Marauder x2, Marine  
  118  9:09  Marine x2  
  120  9:13  SCV x3, Supply Depot  
  120  9:14  Supply Depot  
  120  9:16  Supply Depot  
  122  9:23  Marauder x2  
  113  9:34  Marauder, Marine x3  
  113  9:35  SCV x2, Viking x2  
  113  9:36  SCV  
  113  9:38  Bunker  
  124  9:45  Marauder x2  
  127  9:47  SCV  
  127  9:48  Widow Mine x2, SCV x2  
  134  9:56  Missile Turret  
  134  9:58  Missile Turret  
  135  10:00  SCV x2  
  135  10:03  Marine x4  
  135  10:04  Marauder, Missile Turret  
  135  10:05  Viking x2  
  135  10:06  Marauder  
  148  10:19  Marauder  
  148  10:20  Widow Mine x2, Supply Depot  
  154  10:22  Supply Depot  
  154  10:23  Marine  
  154  10:24  Marine x2  
  154  10:27  Supply Depot  
  157  10:33  Ghost Academy  
  157  10:42  Marauder  
  159  10:43  Viking  
  159  10:44  Viking  
  159  10:47  Marauder x2  
  159  10:49  Supply Depot x2  
  167  10:51  Marine x4  
  170  11:00  Concussive Shells  
  170  11:11  Enhanced Shockwaves  
  169  11:18  Supply Depot  
  169  11:19  Supply Depot  
  169  11:20  Ghost x3  
  169  11:21  Viking  
  169  11:22  Viking  
  179  11:31  Refinery x2  
  179  11:32  Supply Depot  
  179  11:36  Marine x4  
  179  11:37  Widow Mine x2  
  179  11:39  Supply Depot  
  187  11:43  Armory  
  187  11:45  Command Center  
  176  11:58  Marauder  
  176  11:59  Marine  
  164  12:05  Marine x2  
  164  12:06  Widow Mine  
  164  12:08  Marauder x2  
  156  12:10  SCV  
Show
View Real Time Build Order
Export as new Build Order

JieShi Protoss 

Build Orders: 1 Gate Expand, Blink Stalkers, Colossus Rush 

Get SALT Encoding   

  12  0:00  Probe  
  13  0:13  Probe  
  14  0:17  Pylon  
  14  0:25  Probe (Chrono Boost)  
  16  0:37  Probe (Chrono Boost), Gateway  
  16  0:43  Probe (Chrono Boost)  
  16  0:47  Assimilator  
  17  0:51  Probe  
  18  1:03  Probe  
  19  1:15  Probe  
  20  1:24  Cybernetics Core  
  20  1:32  Nexus  
  20  1:35  Probe  
  21  1:43  Pylon  
  21  1:47  Probe  
  21  1:51  Assimilator  
  22  1:58  Adept (Chrono Boost)  
  22  1:59  Probe  
  23  2:03  Warp Gate  
  25  2:11  Probe  
  26  2:23  Probe  
  26  2:24  Twilight Council  
  27  2:30  Stalker (Chrono Boost)  
  30  2:37  Probe (Chrono Boost)  
  31  2:44  Probe (Chrono Boost)  
  32  2:53  Probe x2 (Chrono Boost)  
  32  2:55  Gateway, Blink (Chrono Boost)  
  33  2:58  Probe (Chrono Boost)  
  33  3:00  Probe  
  33  3:10  Probe  
  33  3:12  Probe  
  35  3:18  Robotics Facility  
  35  3:22  Shield Battery  
  35  3:23  Probe  
  35  3:24  Probe  
  37  3:29  Pylon  
  37  3:31  Assimilator  
  37  3:33  Assimilator  
  37  3:35  Probe  
  37  3:36  Probe  
  39  3:47  Probe  
  40  3:48  Probe  
  40  3:51  Stalker x2  
  45  3:55  Pylon  
  45  3:59  Probe  
  45  4:00  Probe  
  47  4:05  Observer  
  48  4:11  Probe  
  48  4:12  Probe  
  48  4:15  Stalker x2  
  54  4:23  Robotics Bay  
  54  4:24  Probe  
  55  4:25  Probe  
  56  4:33  Observer  
  56  4:51  Stalker  
  56  4:52  Stalker  
  57  4:55  Observer, Probe  
  57  4:59  Observer (Chrono Boost)  
  57  5:08  Probe  
  58  5:15  Nexus  
  58  5:17  Pylon  
  58  5:20  Probe  
  59  5:23  Pylon  
  59  5:26  Extended Thermal Lance (Chrono Boost)  
  59  5:27  Pylon  
  59  5:31  Probe  
  59  5:33  Probe, Colossus (Chrono Boost)  
  67  5:37  Shield Battery  
  67  5:38  Sentry  
  69  5:44  Stalker  
  69  5:45  Probe  
  69  5:46  Probe  
  73  5:53  Forge  
  73  5:56  Gateway  
  73  5:58  Probe  
  73  5:59  Probe  
  73  6:03  Observer  
  75  6:06  Sentry  
  77  6:11  Charge  
  77  6:12  Sentry  
  77  6:13  Gateway  
  77  6:15  Probe  
  77  6:16  Probe  
  81  6:23  Colossus (Chrono Boost)  
  87  6:35  Probe x2  
  87  6:36  Probe  
  87  6:38  Pylon  
  87  6:39  Protoss Ground Weapons Level 1 (Chrono Boost), Pylon  
  90  6:43  Photon Cannon  
  90  6:46  Stalker  
  92  6:47  Probe  
  92  6:48  Probe  
  94  6:58  Probe  
  94  6:59  Zealot, Sentry  
  94  7:00  Probe  
  91  7:10  Stalker x2  
  95  7:16  Observer  
  95  7:19  Probe x2  
  95  7:20  Colossus (Chrono Boost)  
  103  7:30  Probe  
  103  7:32  Photon Cannon  
  103  7:35  Pylon  
  104  7:39  Observer  
  104  7:47  Templar Archives  
  104  7:50  Gateway x2  
  104  7:52  Gateway  
  104  7:55  Gateway  
  104  7:56  Zealot x3  
  104  7:57  Zealot  
  112  8:07  Pylon  
  114  8:24  Zealot  
  114  8:25  Zealot x3  
  118  8:28  Probe x3  
  113  8:37  Photon Cannon  
  113  8:39  Shield Battery  
  109  8:42  Protoss Ground Weapons Level 2 (Chrono Boost)  
  109  8:46  Probe x2, Warp Prism  
  109  8:47  Zealot x3  
  109  8:48  Zealot x2  
  107  8:51  Probe  
  95  8:57  Pylon  
  95  8:59  Zealot x2  
  95  9:00  Probe x2  
  97  9:03  Probe  
  91  9:15  High Templar  
  91  9:16  High Templar x2  
  91  9:17  High Templar, Stalker  
  93  9:25  Archon  
  93  9:26  Zealot x2  
  96  9:35  Probe  
  91  9:39  Probe  
  91  9:43  Probe  
  91  9:44  Observer  
  91  9:46  Observer  
  91  9:47  Probe, Pylon  
  91  9:48  Archon  
  91  9:50  High Templar x2, Zealot x2  
  91  9:51  Probe  
  101  9:57  Archon  
  101  9:59  Probe, Colossus (Chrono Boost)  
  108  10:14  Observer  
  108  10:17  Photon Cannon, Zealot x5  
  108  10:18  Zealot  
  108  10:19  Probe  
  121  10:22  Pylon  
  121  10:27  Observer, Photon Cannon  
  121  10:33  Probe  
  122  10:37  High Templar  
  122  10:41  Pylon  
  122  10:42  High Templar  
  126  10:43  Disruptor (Chrono Boost), Pylon  
  126  10:44  Pylon  
  126  10:46  Archon  
  126  10:47  Observer  
  129  10:50  Zealot x2  
  129  10:56  Pylon  
  133  11:02  Nexus  
  133  11:03  Zealot x2  
  137  11:04  Observer  
  137  11:10  Disruptor (Chrono Boost)  
  140  11:19  Probe  
  140  11:20  Probe x2  
  140  11:23  Stalker  
  140  11:24  Pylon, Stalker  
  147  11:25  Pylon  
  147  11:28  Zealot x2  
  147  11:32  Zealot x2  
  155  11:36  Disruptor  
  158  11:42  Stalker  
  158  11:43  Stalker  
  160  11:49  Stalker  
  160  11:50  Stalker  
  142  11:56  Stalker x2  
  110  12:07  Zealot x4  
  92  12:18  Zealot x2  
  92  12:19  Stalker x2  
  99  12:28  Zealot x3  
  86  12:30  Zealot  
Tags
 
Add a new tag
Caveats
  • Supply blocks, unpowered buildings, or Contaminate may cause inaccurate times.
  • Supply counts are checked every 10 seconds.